Cogmind - Beta 13 @@@ ROGUE MODE // 2024.04.22 @ 01:57:38 Player: Peregrine Result: Destroyed by AL-CAH(R) with Subdweller Machine Gun Performance ------------- Evolutions (0) 0 Regions Visited (2) 400 Robots Destroyed (9) 45 Value Destroyed (228) 228 Prototype IDs (0) 0 Alien Tech Used (0) 0 Bonus (0) 0 TOTAL SCORE: 673 Bonus ------- None Cogmind --------- Core Integrity 0/250 Matter 300/300 Energy 100/100 System Corruption 0% Temperature Cool (0) Movement Core (200) Ox3 Location -10/Subcaves Parts ------- > --- POWER (1) -------- (None) > --- PROPULSION (2) --- (None) > --- UTILITY (2) ------ Medium Storage Unit Signal Interpreter > --- WEAPON (2) ------- (None) > --- INVENTORY (10) --- Light Ion Engine Terrain Scanner Terrain Scanner Peak State ------------ > --- POWER ------------ Ion Engine > --- PROPULSION ------- Aluminum Leg Aluminum Leg > --- UTILITY ---------- Improved Heat Sink Small Storage Unit > --- WEAPON ----------- EM Pulse Gun EM Pulse Gun > --- INVENTORY -------- Light Ion Engine Light Treads Light Treads Wheel Wheel EM Pulse Gun Datajack [Rating: 9] Favorites ----------- Power Ion Engine Engine Ion Engine Propulsion Aluminum Leg Treads Light Treads Leg Aluminum Leg Utility Signal Interpreter Device Improved Heat Sink Storage Medium Storage Unit Processor Signal Interpreter Weapon EM Pulse Gun Energy Gun EM Pulse Gun Launcher Grenade Launcher Special Melee Weapon Datajack Build | -11 -10 -10 ------- Run | Yrd Mat Sub Slots Evolved . | . . . Power . | . . . Propulsion . | . . . Utility . | . . . Weapon . | . . . Parts Attached 10 | . 5 5 Power . | . . . Engine . | . . . Core . | . . . Reactor . | . . . Propulsion 2 | . . 2 Treads 2 | . . 2 Leg . | . . . Wheel . | . . . Hover . | . . . Flight . | . . . Utility 4 | . 4 . Device 2 | . 2 . Storage 1 | . 1 . Processor 1 | . 1 . Hackware . | . . . Protection . | . . . Artifact . | . . . Weapon 4 | . 1 3 Energy Gun 2 | . 1 1 Energy Cannon . | . . . Ballistic Gun . | . . . Ballistic Cannon . | . . . Launcher 1 | . . 1 Special Weapon . | . . . Impact Weapon . | . . . Slashing Weapon . | . . . Piercing Weapon . | . . . Special Melee Weapon 1 | . . 1 Unidentified Prototypes . | . . . Parts Lost 10 | . . 10 Power 1 | . . 1 Propulsion 4 | . . 4 Utility . | . . . Weapon 5 | . . 5 Highest Loss Streak 8 | . . 8 To Critical Strikes 1 | . . 1 Average Slot Usage (%) 95 | . 98 81 Engine 13 | . 14 8 Leg 26 | . 28 20 Device 1 | . 1 . Storage 14 | . 14 14 Processor 11 | . 10 14 Energy Gun 25 | . 28 16 Naked Turns . | . . . Heaviest Build 19 | 14 19 19 Greatest Support 40 | 20 20 40 Greatest Overweight (x) 3 | . . 3 Average Overweight (x) . | . . . Largest Inventory Capacity 10 | . 10 10 Average Capacity 9 | . 9 10 Most Carried 8 | . 8 8 Average Carried 7 | . 7 6 Final Capacity 10 | 8 10 10 Final Carried 8 | 6 8 3 Class Distribution -------------------- 100% | Mutant Dominant Class ---------------- Mutant | -10/Materials Mutant | -10/Subcaves Resources | -11 -10 -10 ----------- Run | Yrd Mat Sub Matter Collected 210 | 200 10 . Remotely . | . . . Salvage Created 347 | . 292 55 Parts 26 | . 24 2 Haulers Intercepted 1 | . 1 . Recyclers Shooed 1 | . 1 . Parts Field Recycled . | . . . Retrieved Matter . | . . . Parts Self-Destructed 3 | . . 3 Prevented . | . . . Kills | -11 -10 -10 ------- Run | Yrd Mat Sub Combat Hostiles Destroyed 5 | . 4 1 Guns 4 | . 4 . AOE 1 | . . 1 Classes Destroyed 6 | . 5 1 Builder 1 | . 1 . Hauler 1 | . 1 . Operator 1 | . 1 . Watcher 1 | . 1 . Grunt 4 | . 4 . Subdweller 1 | . . 1 Best Kill Streak 3 | . 3 1 Combat Bots Only 2 | . 2 1 Max Kills in Single Turn 1 | . 1 1 Gunslinging . | . . . Exploded 1 | . . 1 Melee . | . . . Uniques/NPCs Destroyed . | . . . Combat | -11 -10 -10 -------- Run | Yrd Mat Sub Hostile Shots Fired 64 | . 7 57 Missed 16 | . 1 15 Damage Taken 1119 | . 68 1051 Core 266 | . . 266 Absorbed by Shields . | . . . Core Remaining (%) 100 | 100 . . Volleys Fired 24 | . 15 9 Largest 2 | . 2 2 Hottest 80 | . 80 80 Shots Fired 43 | . 30 13 Gun 40 | . 30 10 Cannon . | . . . Launcher 3 | . . 3 Special . | . . . Kinetic . | . . . Thermal . | . . . Explosive 3 | . . 3 Electromagnetic 40 | . 30 10 Robot Hit Streak 8 | . 8 6 Robot Miss Streak 3 | . 3 1 Penetration Max . | . . . Secondary Targets . | . . . Shots Hit Robots 31 | . 21 10 Core Hits 14 | . 11 3 Critical Kills . | . . . Critical Parts Destroyed . | . . . Critical Strikes 1 | . 1 . Corrupt 1 | . 1 . Melee Attacks . | . . . Impact . | . . . Slashing . | . . . Piercing . | . . . Sneak Attacks . | . . . Combat Hostiles . | . . . Follow-up Attacks . | . . . Damage Inflicted 613 | . 327 286 Guns 407 | . 315 92 Cannons . | . . . Explosions 163 | . . 163 Melee . | . . . Ramming 43 | . 12 31 Kinetic . | . . . Thermal . | . . . Explosive 163 | . . 163 Electromagnetic 407 | . 315 92 Impact . | . . . Slashing . | . . . Piercing . | . . . Highest Corruption . | . . . Average Corruption . | . . . Corruption Purged . | . . . Corruption Blocked . | . . . Overload Shots . | . . . Overflow Damage 12 | . . 12 Projectiles . | . . . Explosions 12 | . . 12 Melee . | . . . Knockbacks 1 | . . 1 Impact 1 | . . 1 Kinetic . | . . . Secondary . | . . . Self-Inflicted Damage 99 | . . 99 Shots 3 | . . 3 Rammed 27 | . . 27 Targets Rammed 29 | . 2 27 Kicked 2 | . 2 . Crushed . | . . . Highest Temperature 60 | . 60 . Average Temperature 22 | . 22 . Received Heat Transfer 81 | . 36 45 Siege Activations . | . . . Robots Corrupted . | . . . Combat Hostiles . | . . . Parts Fried 4 | . 2 2 Impact Corruptions . | . . . Robots Melted . | . . . Combat Hostiles . | . . . Parts Melted . | . . . Heat Transferred . | . . . Parts Sabotaged . | . . . Parts Stolen . | . . . Parts Stripped . | . . . Power Chain Reactions . | . . . Alert | -11 -10 -10 ------- Run | Yrd Mat Sub Peak Influence 194 | . 194 . Initial . | . . . Average 33 | . 33 . Maximum Alert Level . | . . . Low Security (%) 100 | . 100 . Level 1 . | . . . Level 2 . | . . . Level 3 . | . . . Level 4 . | . . . Level 5 . | . . . High Security . | . . . Max Security . | . . . Squads Dispatched 1 | . 1 . Investigation . | . . . Extermination . | . . . Reinforcement 1 | . 1 . Assault . | . . . Garrison . | . . . Intercept . | . . . Searches Triggered . | . . . Construction Impeded . | . . . Haulers Reinforced . | . . . Active Scanning Responses . | . . . Cargo Convoy Interrupts . | . . . Stealth | -11 -10 -10 --------- Run | Yrd Mat Sub Distress Signals . | . . . Communications Jammed . | . . . Distress Signals . | . . . Times Spotted 9 | . 7 2 Peak Tracking Total 2 | . 2 2 Tactical Retreats 1 | . 1 . Traps | -11 -10 -10 ------- Run | Yrd Mat Sub Traps Triggered 1 | . . 1 Indirectly . | . . . Trap Hack Attempts . | . . . Triggered . | . . . Disarmed . | . . . Reprogrammed . | . . . Reused . | . . . Traps Extracted . | . . . Installed . | . . . Triggered . | . . . Machines | -11 -10 -10 ---------- Run | Yrd Mat Sub Machines Disabled . | . . . Max in Single Turn . | . . . Machines Repaired . | . . . Machines Dismantled . | . . . Machines Sabotaged . | . . . Overloaded Fab Kills . | . . . Hacking | -11 -10 -10 --------- Run | Yrd Mat Sub Machines Accessed 2 | . 2 . Terminals 2 | . 2 . Fabricators . | . . . Repair Stations . | . . . Recycling Units . | . . . Scanalyzers . | . . . Garrison Access . | . . . Total Hacks 5 | . 5 . Successful 4 | . 4 . Failed 1 | . 1 . Catastrophic . | . . . Database Lockouts . | . . . Manual 5 | . 5 . Terminals 5 | . 5 . Fabricators . | . . . Repair Stations . | . . . Recycling Units . | . . . Scanalyzers . | . . . Garrison Access . | . . . Terminal Hacks 1 | . 1 . Zone Layout 1 | . 1 . Fabricator Hacks . | . . . Repair Station Hacks . | . . . Recycling Unit Hacks . | . . . Scanalyzer . | . . . Garrison Access Hacks . | . . . Unauthorized Hacks 3 | . 3 . Terminals 3 | . 3 . Assimilate 1 | . 1 . Botnet 2 | . 2 . Fabricators . | . . . Repair Stations . | . . . Recycling Units . | . . . Scanalyzers . | . . . Garrison Access . | . . . Data Cores Recovered . | . . . Used . | . . . Hacking Detections 2 | . 2 . Full Trace Events . | . . . Feedback Events . | . . . Feedback Blocked . | . . . Robot Schematics Acquired . | . . . Robots Built . | . . . Authchips . | . . . Time . | . . . Total Robot Build Rating . | . . . Part Schematics Acquired . | . . . Parts Built . | . . . Authchips . | . . . Time . | . . . Total Part Build Rating . | . . . Parts Repaired . | . . . Time . | . . . Parts Recycled . | . . . Recycled Matter . | . . . Retrieved Matter . | . . . Retrieved Components . | . . . Parts Scanalyzed . | . . . Part Schematics Acquired . | . . . Parts Damaged . | . . . Bothacking | -11 -10 -10 ------------ Run | Yrd Mat Sub Used RIF Installer . | . . . Robots Hacked . | . . . Non-combat . | . . . Combat . | . . . Robot Hacks Applied . | . . . Relay Couplers Released . | . . . Fabnet Peak Effective % . | . . . Robots Rewired . | . . . Allies Hacked . | . . . Hacks Repelled . | . . . Allies | -11 -10 -10 -------- Run | Yrd Mat Sub Total Allies . | . . . Largest Group . | . . . Highest-Rated Group . | . . . Highest-Rated Ally . | . . . Total Orders . | . . . Ally Attacks . | . . . Total Damage . | . . . Kills . | . . . Allies Corrupted . | . . . Allies Melted . | . . . Intel | -11 -10 -10 ------- Run | Yrd Mat Sub Robot Analysis Total . | . . . Derelict Logs Recovered . | . . . Drone Launches . | . . . Drone Recoveries . | . . . Exploration | -11 -10 -10 ------------- Run | Yrd Mat Sub Turns Passed 1587 | . 1318 269 Spaces Moved 524 | 1 376 147 Core 4 | . . 4 Treads 10 | . . 10 Legs 510 | 1 376 133 Wheels . | . . . Hover . | . . . Flight . | . . . Fastest Speed 120 | 120 120 120 Average Speed 123 | 120 120 131 Slowest Speed 200 | 120 120 200 Overloaded Moves . | . . . Propulsion Burnouts . | . . . Robots Hopped . | . . . Cave-ins Triggered . | . . . Exploration Rate (%) 18 | 2 48 6 Regions Visited 2 Branch Regions 1 Pre-discovered Areas . | . . . Known Exits Taken 1 | . 1 . Unknown Exits Taken 1 | 1 . . Scrap Searched . | . . . Spaces Dug . | . . . Terrain Destroyed 6 | . . 6 Melee . | . . . Projectile . | . . . AOE 6 | . . 6 Terrain Rammed . | . . . Walls Destroyed . | . . . Machines Disabled . | . . . Actions | -11 -10 -10 --------- Run | Yrd Mat Sub Total 1408 | . 1214 194 Wait 809 | . 803 6 Move 522 | . 375 147 Hop . | . . . Pick Up 8 | . 8 . Fast Attach . | . . . Attach 6 | . 1 5 Detach . | . . . Swap 4 | . 4 . Drop 6 | . 6 . Fire 24 | . 15 9 Melee . | . . . Ram . | . . . Kick 2 | . 2 . Crush 27 | . . 27 Escape Stasis . | . . . Rewire . | . . . Trap . | . . . Miscellaneous . | . . . Route ------- -11/Scrapyard -10/Materials (discovered 3 exits: *Mat / *Min / *Sub) -10/Subcaves History --------- Turn | Location | Event 1 | -11/Scrapyard | Discovered new exit (range 0) 1 | -11/Scrapyard | Entered Materials 331 | -10/Materials | Discovered new exit (range 16) 333 | -10/Materials | Build established: Mutant 350 | -10/Materials | Identified exit to Materials 467 | -10/Materials | Discovered new exit (range 6) 484 | -10/Materials | Identified exit to Mines 1303 | -10/Materials | Discovered new exit (range 4) 1318 | -10/Materials | Identified exit to Subcaves 1319 | -10/Materials | Entered Subcaves 1553 | -10/Subcaves | Core integrity fell below 50% 1554 | -10/Subcaves | Lost 8 parts (1p2n5w) 1579 | -10/Subcaves | Core integrity fell below 20% 1588 | -10/Subcaves | Destroyed by AL-CAH(R) with Subdweller Machine Gun Last Messages --------------- 01476_ EM Pulse Gun destroyed. 01478_ QN-6DH(R) misfires. 01486_ Sub. Monowheel fried. 01486_ Sub. Optics fried. 01486_ QN-6DH(R) destroyed. 01488_ Subatomizers dissect the Corrupted Disposable Heat Sink. 01490_ Grenade Launcher destroyed. 01490_ Destroyed Grenade Launcher. 01494_ Aluminum Leg destroyed. 01496_ The unstable cave ceiling collapses. 01498_ Subatomizers dissect the Corrupted Disposable Heat Sink. 01519_ Datajack destroyed. 01523_ Aluminum Leg destroyed. 01530_ Slammed into AL-CAH(R). 01565_ AL-CAH(R) knocked back. 01567_ Slammed into AL-CAH(R). 01568_ Critical hit (Destroy). 01568_ Lgt. Treads destroyed. 01569_ Slammed into AL-CAH(R). 01580_ Lgt. Treads destroyed. Map ----- +----------------------------------------------------+ | ????????????????????????????""#??????????????????? | | ??????????????????????????""""???????????????????? | | ??????????????????????????""""#??????????????????? | | ?????????????????????????? ""#??????????????????? | | ????????????????????????## "" #??????????????????? | | ???????????????????######"" " #??????????????????? | | ???????????????????# ^ "#???????????????????? | | ???????????????????# "#???????????????????? | | ???????????????????# % ##???????????????????? | | ?????????????????### ! ####??????????????????? | | ???###?????????### " ### ##?????????????????? | | ??## #????????# #?????????????????? | | ### ##??????# #?????????????????? | | # #??????####### #?????????????????? | | ##???????????## ## ##?????????????????? | | #######?????## ## #??????????????????? | | # ##????#^ # #??????????????????? | | #????# # ##?????????????????? | | # # # # ###### ## #?????????????????? | | # ### ###### # ## ^ ^ ##?????????????????? | | ???####????# ^ ^# ##?????????????????? | | #????????????# # ###^ ### #?????????????????? | | ?????????????# ###?## ## ##?????????????????? | | ?????????????# ###???## # #??????????????????? | | ????????????### ##???## # #??????????????????? | | ????????????# #???# @ ##?????????????????? | | ???????## ### ##???# ###???????????????? | | ? ####### # #???????????????? | | ? #### ### # # ## #???????????????? | | ? ?????# # R%#% #???????????????? | | ? ???????# ## ####%%% ##???????????????? | | ????????????####### ##??## ###????????????????? | | ??????????????????# #????# ####??????????????????? | | ??????????????????# #????# #?????????????????????? | | ??????????????????# ##??## #?????????????????????? | | ??????????????????# #### #?????????????????????? | | ??????????????????# #?????????????????????? | | ??????????????????##########?????????????????????? | | ?????????????????????????????????????????????????? | | ?????????????????????????????????????????????????? | | ?????????????????????????????????????????????????? | | ?????????????????????????????????????????????????? | | ?????????????????????????????????????????????????? | | ?????????????????????????????????????????????????? | | ?????????????????????????????????????????????????? | | ?????????????????????????????????????????????????? | | ?????????????????????????????????????????????????? | | ?????????????????????????????????????????????????? | | ?????????????????????????????????????????????????? | | ?????????????????????????????????????????????????? | +----------------------------------------------------+ Best States ------------- Heat Dissipation 39 Energy Generation 10 Energy Capacity 250 Matter Stores 300 Matter Capacity 300 Sight Range 16 Terrain Scan Range 14 Terrain Scan Density 10 Evasion (%) 55 Recoil Reduction 2 Item Schematics ----------------- None Robot Schematics ------------------ None Fabricated ------------ Nothing Alien Tech Used ----------------- None Achievements -------------- None Challenges ------------ None Game ------ Seed ArmorPlatingKit Manual? 0 Play Time 00:08:42 Cumulative 86.6 hours Start 2024.04.22 @ 01:20:20 End 2024.04.22 @ 01:57:38 Sessions 1 Manual Loads 0 Difficulty Rogue Special Mode None Game No. 102 Rogue 87 Adventurer 15 Explorer 0 Win Type - Total 1 Types 0/0/1/0/0/0/0/0/0 Lore% 33 Gallery% 60 Achievement% 47 Wizard Run 0 Options --------- Layout 0 ASCII 0 Keyboard 0 Movement Mouse Keybinds 0 Fullscreen 2 Font 36/Smallcaps Map View 76x50 Zoom Use 0% Tactical HUD 1 Map Filters NONE Filters NONE Steam 1 RUN: a1b86589-0f11-40cc-a07a-1a90f011f844